 Dungeon Crawl Stone Soup version 0.17.0-23-g0de4337 (webtiles) character file.

457 dysrexia the Insei (level 6, 0/46 HPs)
             Began as a Vampire Chaos Knight on Nov 13, 2015.
             Succumbed to a gnoll sergeant's poison
             ... on level 5 of the Dungeon.
             The game lasted 00:13:29 (2818 turns).

dysrexia the Insei (Vampire Chaos Knight)           Turns: 2818, Time: 00:13:29

Health: 0/46       AC:  9    Str: 13    XL:     6   Next: 77%
Magic:  6/6        EV:  9    Int: 17    God:    Xom [*.....]
Gold:   162        SH:  0    Dex: 14    Spells: 0 memorised, 5 levels left

rFire  + . .     SeeInvis +       - Unarmed
rCold  . . .     Clarity  .     j - +2 scale mail {rF+}
rNeg   . . .     SustAt   +     (no shield)
rPois  .         Gourm    .     q - +0 helmet {Int+3}
rElec  .         Spirit   .     (no cloak)
rCorr  .         Warding  .     (no gloves)
rMut   .         Stasis   .     (no boots)
MR     .....                    e - amulet of rage
Stlth  +.........               h - ring of loudness (curse)
                                d - ring of sustain attributes

@: lethally poisoned (0 -> -37), regenerating quickly, not resistant to hostile
enchantments, very unstealthy
A: fangs 3, see invisible, unbreathing
a: Renounce Religion, Evoke Berserk Rage


You were on level 5 of the Dungeon.
You worshipped Xom.
You were a special plaything of Xom.
You were very full.

You visited 1 branch of the dungeon, and saw 5 of its levels.

You collected 162 gold pieces.

Inventory:

Missiles
 n - 53 stones (quivered)
 o - 8 curare-tipped needles
Armour
 a - a +2 leather armour
 j - a +2 scale mail of fire resistance (worn)
 q - a +0 helmet of intelligence (worn)
Jewellery
 d - a ring of sustain attributes (left hand)
 e - an amulet of rage (around neck)
 f - an uncursed amulet of warding {unknown}
 h - a cursed ring of loudness (right hand)
Scrolls
 i - 4 scrolls of identify
 k - 3 scrolls of fear
 l - 5 scrolls of teleportation
 m - 2 scrolls of amnesia
Potions
 b - 9 potions of blood
 c - a potion of resistance
 g - 2 potions of flight
 p - 2 potions of might {unknown}
 r - 2 potions of ambrosia {unknown}
 s - a potion of brilliance {unknown}
 t - 2 potions of heal wounds {unknown}
 u - 2 potions of agility {unknown}
 w - a potion of cancellation {unknown}
Miscellaneous
 v - a plain deck of changes


   Skills:
 - Level 2.6 Fighting
 - Level 0.7 Armour
 - Level 2.1 Dodging
 - Level 5.0 Stealth
 * Level 7.6 Unarmed Combat


You had 5 spell levels left.
You didn't know any spells.

Dungeon Overview and Level Annotations

Branches:
Dungeon (5/15)
 Temple: D:4-7

Altars:
Dithmenos
Elyvilon
Fedhas
Kikubaaqudgha
Nemelex Xobeh
Ru

Annotations:
D:3 Grinder


Innate Abilities, Weirdness & Mutations

Your natural rate of healing is unusually fast.
You have razor-sharp teeth.
You have supernaturally acute eyesight.
You can survive without breathing.


Message History

The gnoll sergeant is lightly wounded.
You feel sick.
The gnoll sergeant hits you with a spear of venom!
You are lethally poisoned!
The gnoll hits you from afar with a spear.
You completely miss the gnoll sergeant.
The gnoll sergeant is lightly wounded.
* * * LOW HITPOINT WARNING * * *
You feel very sick.
The gnoll sergeant hits you with a spear of venom.
* * * LOW HITPOINT WARNING * * *
You are more poisoned.
* * * LOW HITPOINT WARNING * * *
You feel very sick.
You see here 12 stones.
* * * LOW HITPOINT WARNING * * *
You feel very sick. The gnoll sergeant barely misses you.
You die...
Xom chortles!

###############
#....@.(ggg...#
#########.###########.#
##.................
###...##.###.#..#####
....#........#..#
###...##.#####..#
##.###.# ... #.# #<#
..## #.# #.# ..#


You could see a gnoll sergeant and 2 gnolls.

Vanquished Creatures
  The ghost of SaintRoka the Ruffian, an amateur CeTm (D:3)
  2 hounds (D:4)
  A centaur skeleton (D:4)
  Terence (D:2)
  3 worker ants
  4 adders
  A gnoll (D:5)
  2 oozes (D:1)
  3 worms
  4 giant geckos
  9 orcs
  A ball python (D:3)
  4 giant cockroaches
  2 hobgoblins (D:2)
  6 jackals
  6 kobolds
  8 bats
  4 giant newts
  8 goblins
  A jackal zombie (D:5)
  4 rats
75 creatures vanquished.

Vanquished Creatures (collateral kills)
  An ogre (D:4)
  A crimson imp (D:4)
  An orc (D:4)
3 creatures vanquished.

Grand Total: 78 creatures vanquished

Notes
Turn   | Place    | Note
--------------------------------------------------------------
     0 | D:1      | dysrexia the Vampire Chaos Knight began the quest for the Orb.
     0 | D:1      | Reached XP level 1. HP: 17/17 MP: 1/1
     1 | D:1      | XOM: harmless Hex miscast
   116 | D:1      | Reached skill level 1 in Stealth
   116 | D:1      | Reached XP level 2. HP: 18/23 MP: 2/2
   257 | D:1      | Reached skill level 4 in Unarmed Combat
   503 | D:2      | XOM: noise
   520 | D:2      | XOM: silly message
   532 | D:2      | Reached XP level 3. HP: 14/28 MP: 3/3
   678 | D:2      | XOM: harmless Pois miscast
   740 | D:2      | Noticed Terence
   748 | D:2      | XOM: potion effect (invisibility)
   760 | D:2      | XOM: divination: magic mapping
   763 | D:2      | Killed Terence
   800 | D:2      | XOM: harmless Ice miscast
   894 | D:2      | Reached XP level 4. HP: 30/34 MP: 4/4
  1144 | D:3      | XOM is BORED!
  1144 | D:3      | XOM: mild Chrm miscast
  1180 | D:3      | Noticed SaintRoka's ghost (amateur CeTm)
  1252 | D:3      | Found a sparkling altar of Nemelex Xobeh.
  1300 | D:3      | XOM: destruction
  1309 | D:3      | Killed SaintRoka's ghost
  1309 | D:3      | Reached skill level 5 in Unarmed Combat
  1309 | D:3      | Reached XP level 5. HP: 39/39 MP: 5/5
  1517 | D:3      | Reached skill level 5 in Stealth
  1617 | D:3      | Noticed Grinder
  1694 | D:3      | Found a shadowy altar of Dithmenos.
  1694 | D:3      | Found a blossoming altar of Fedhas.
  1695 | D:3      | Found an ancient bone altar of Kikubaaqudgha.
  1731 | D:3      | Found a sacrificial altar of Ru.
  1870 | D:4      | Reached skill level 6 in Unarmed Combat
  1909 | D:4      | Noticed an ogre
  1913 | D:4      | XOM: summons friendly white imp
  1927 | D:4      | Killed an ogre
  1927 | D:4      | Reached XP level 6. HP: 46/46 MP: 6/6
  1969 | D:4      | XOM: divination: detect items
  2232 | D:4      | Found a sparkling altar of Nemelex Xobeh.
  2364 | D:4      | Reached skill level 7 in Unarmed Combat
  2368 | D:4      | XOM: noise
  2455 | D:4      | XOM: blink monster(s)
  2572 | D:4      | XOM: silly message
  2704 | D:5      | Entered Level 5 of the Dungeon
  2704 | D:5      | Found a white marble altar of Elyvilon.
  2818 | D:5      | Succumbed to a gnoll sergeant's poison

Action                   |  1- 3 |  4- 6 || total
-------------------------+-------+-------++-------
Melee: Unarmed           |   134 |   202 ||   336
 Abil: Evoke Berserk Rag |     1 |     1 ||     2
  Use: Potion            |     7 |    11 ||    18
       Scroll            |     6 |     4 ||    10
 Stab: Sleeping          |     3 |       ||     3
       Invisible         |     3 |       ||     3
